 Dungeon Crawl Stone Soup version 0.31-a0-1352-gc98d92de7d (webtiles) character file.

Game seed: 14533159889829595522

695 mopl the Ruffian (level 7, -3/50 HPs)
             Began as a Djinni Shapeshifter on Dec 22, 2023.
             Slain by Menkaure (20 damage)
             ... on level 4 of the Dungeon.
             The game lasted 00:04:16 (2983 turns).

mopl the Ruffian (Djinni Shapeshifter)              Turns: 2983, Time: 00:04:17

Health: -3/50      AC:  9    Str: 17    XL:     7   Next: 96%
Gold:   246        EV: 11    Int: 11    God:
                   SH:  0    Dex: 13

rFire   + + +        n - +6 quarterstaff "Kelasuhi" {flame, Fly rF+ Str+2}
rCold   x . .        (shield currently unavailable)
rNeg    . . .        u - +4 ring mail
rPois   ∞            (helmet currently unavailable)
rElec   .            (cloak currently unavailable)
rCorr   .            (gloves currently unavailable)
SInv    .            (boots unavailable)
Will    .....        (no amulet)
Stlth   +            (no ring)
HPRegen 0.28/turn    (no ring)
MPRegen 0.00/turn

%: infuse magic (-4 HP)
@: beast-form, flying
A: beast (slay +2), flying, sickness immunity, fire resistance 2, cold
vulnerability 1, float, innate caster, HP casting, extra vitality 1
a: Begin Untransformation


You were on level 4 of the Dungeon.
You were a hulking beast.
You visited 1 branch of the dungeon, and saw 4 of its levels.
You also visited: Sewer.

You collected 246 gold pieces.

Inventory:

Hand Weapons
 n - the +6 quarterstaff "Kelasuhi" (weapon) {flame, Fly rF+ Str+2}
   (You found it on level 2 of the Dungeon)

   Str+2:     It affects your strength (+2).
   rF+:       It protects you from fire.
   Fly:       It grants you flight.
Missiles
 t - 12 poisoned darts (quivered)
 y - 2 boomerangs
Armour
 p - a +0 helmet
 s - a +0 cloak
 u - a +4 ring mail (worn)
Talismans
 c - a beast talisman
 d - a flux talisman
 o - a serpent talisman
Wands
 a - a wand of paralysis (6)
 w - a wand of polymorph (10)
Scrolls
 e - 2 scrolls of poison {unknown}
 f - a scroll of teleportation {unknown}
 g - 5 scrolls of identify {unknown}
 i - 2 scrolls of amnesia {unknown}
 m - a scroll of fear {unknown}
 q - a scroll of brand weapon {unknown}
 x - 2 scrolls of enchant weapon {unknown}
 C - a scroll of summoning {unknown}
Potions
 b - a potion of lignification {!q}
 h - 3 potions of curing {unknown}
 j - 4 potions of heal wounds {unknown}
 k - 2 potions of magic {unknown}
 l - a potion of ambrosia {unknown}
 r - 2 potions of mutation {unknown}
 v - 3 potions of resistance {unknown}
 z - a potion of enlightenment {unknown}
 A - a potion of might {unknown}
 B - 2 potions of haste {unknown}


   Skills:
 + Level 3.6 Fighting
 - Level 2.1 Dodging
 * Level 5.9 Unarmed Combat
 * Level 5.0 Shapeshifting


You knew the following spells:

 Your Spells              Type           Power      Damage    Failure   Level
a - Summon Small Mammal   Summ           0%         N/A       54%         1
b - Passwall              Alch/Erth      0%         N/A       69%         2
c - Mephitic Cloud        Conj/Alch/Air  0%         N/A       89%         3
Your spell library was empty.

Dungeon Overview and Level Annotations

Branches:
Dungeon (4/15)              Sewer (visited)
 Temple: D:4-7

Altars:
Makhleb
Wu Jian

Annotations:
D:4 Menkaure


Innate Abilities, Weirdness & Mutations

You are a hulking beast.
Your limbs bulge with bestial killing power. (Slay +2)
You are flying.
You are immune to sickness and miasma.
You are immune to poison.
Your flesh is very heat resistant. (rF++)
You are vulnerable to cold. (rC-)
You float through the air rather than walking.
You learn spells naturally, not from books.
Your magical power is your life essence.
You have superior vitality. (+4 MHP)


Message History

No target in view!
An adder comes into view.
The adder hisses angrily.
An adder is nearby!
You thump the adder! You burn the adder.
The adder is severely wounded.
The adder barely misses you.
You barely miss the adder.
The adder is severely wounded.
The adder bites you but does no damage. x2
You hit the adder but do no damage.
The adder is severely wounded.
The adder closely misses you. x2
You hit the adder. You burn the adder.
You kill the adder!
No target in view!
No target in view!
No target in view!
No target in view!
No target in view!
You now have 246 gold pieces (gained 9).
You reach down and open the door.
There is an open door here.
Menkaure, Prince of Dust comes into view.
Menkaure shouts!
Menkaure is nearby!
There is an open door here.
You reach down and close the door.
Menkaure opens the door.
Menkaure hits you!
There is an open door here.
You completely miss Menkaure. Menkaure hits you!
You barely miss Menkaure.
Menkaure calls on the powers of darkness!
Your body is wracked with pain!
You are too injured to fight recklessly!
You sock Menkaure! You burn Menkaure.
Menkaure is severely damaged.
Menkaure hits you!!
You die...

#..##......#.........
..........(......#.###
.####..#.#......†..).#
....................>#
.......#<##.##.#...#.#
.)##############.#.#.#######
...................#.......#####
..##############.###.##.........
)....... ...####h###.##.##......
######## #.....M.##.†.........<#
....... .........##.##.#########
####### ##.....?.##.##.# # #
.........##.##.# # ###
.........##.##.# # ..#####
.........##.##.# # ......+
.........##.##.# ### #.#####
.........##.##.# #..


You could see Menkaure.

Vanquished Creatures
  Eustachio (D:4)
  Duvessa (D:4)
  A crocodile (Sewer)
  The ghost of flestrin the Apothecary, an amateur OpAl (D:3)
  Dowan (D:4)
  A howler monkey (D:4)
  A hound (D:4)
  9 adders
  4 river rats (Sewer)
  2 dart slugs (D:1)
  An orc (D:4)
  7 ball pythons
  7 endoplasms
  3 giant cockroaches
  7 goblins
  9 hobgoblins
  4 quokkas
  5 bats
  5 frilled lizards
  15 kobolds
  6 rats
91 creatures vanquished.

Notes
Turn   | Place    | Note
-------+----------+-------------------------------------------
     0 | D:1      | mopl the Djinni Shapeshifter began the quest for the Orb.
     0 | D:1      | Reached XP level 1. HP: 17/17 MP: 0/0
    86 | D:1      | Reached XP level 2. HP: 2/22 MP: 0/0
   256 | D:1      | Reached skill level 3 in Shapeshifting
   335 | D:1      | Reached XP level 3. HP: 24/27 MP: 0/0
   335 | D:1      | Learned a level 1 spell: Summon Small Mammal
   945 | D:2      | Found an ornate altar of the Wu Jian Council.
  1006 | D:2      | Identified the +6 quarterstaff "Kelasuhi" {flame, Fly rF+
                  | Str+2}
  1283 | D:2      | Reached XP level 4. HP: 21/33 MP: 0/0
  1747 | D:3      | Found a runed translucent gate.
  1747 | D:3      | Found a runed translucent gate.
  1747 | D:3      | Found a runed translucent gate.
  1748 | D:3      | Noticed flestrin's ghost (amateur OpAl)
  2076 | D:3      | Reached skill level 2 in Fighting
  2076 | D:3      | Reached skill level 4 in Unarmed Combat
  2144 | D:3      | Killed flestrin's ghost
  2145 | D:3      | Reached XP level 5. HP: 33/38 MP: 0/0
  2145 | D:3      | Learned a level 2 spell: Passwall
  2200 | D:4      | Reached XP level 6. HP: 45/45 MP: 0/0
  2230 | D:4      | Found a burning altar of Makhleb.
  2237 | D:4      | Noticed Eustachio
  2248 | D:4      | Killed Eustachio
  2249 | D:4      | Reached skill level 5 in Unarmed Combat
  2249 | D:4      | Reached skill level 4 in Shapeshifting
  2274 | D:4      | Found a glowing drain.
  2298 | D:4      | Reached XP level 7. HP: 19/49 MP: 0/0
  2298 | D:4      | Learned a level 3 spell: Mephitic Cloud
  2301 | D:4      | Reached skill level 3 in Fighting
  2313 | Sewer    | Entered a sewer
  2810 | D:4      | Found an ornate altar of the Wu Jian Council.
  2813 | D:4      | Noticed Duvessa
  2813 | D:4      | Noticed Dowan
  2825 | D:4      | Killed Dowan
  2907 | D:4      | Killed Duvessa
  2908 | D:4      | Reached skill level 5 in Shapeshifting
  2970 | D:4      | Noticed Menkaure
  2983 | D:4      | Slain by Menkaure

Illustrated notes

Levels and vault maps discovered:
D:1:      minmay_arrival_radiant_lines, layout_basic
D:2:      layout_basic, basic_altar, chequers_arboretum, dk_noncrumbling_2,
          minmay_shallow_snake_nest
D:3:      layout_rooms, ebering_ghost_rock_garden
D:4:      layout_basic, mainiacjoe_overflow_paths, mainiacjoe_overflow_catwalk,
          gup_sewer_entry_glass, chequers_garden, uniq_menkaure, uniq_eustachio,
          uniq_duvessa

Skill      XL: |  1  2  3  4  5  6  7 |
---------------+----------------------+-----
Shapeshifting  | 3 4 5 |  5.0
Fighting       | 2 3 |  3.6
Unarmed Combat | 4 5 |  5.9
Dodging        | |  2.1

Action                     |  1- 3 |  4- 6 |  7- 9 || total
---------------------------+-------+-------+-------++-------
  Melee: Unarmed           |    75 |       |       ||    75
         Quarterstaff      |    12 |    57 |    62 ||   131
  Throw: Dart              |       |       |    15 ||    15
 Armour: Animal skin       |    44 |    17 |       ||    61
         Ring mail         |       |    27 |    40 ||    67
  Dodge: Dodged            |    46 |    50 |    32 ||   128

Table legend: (Time is in decaauts)
 A = Elapsed time spent in this place.
 B = Non-inter-level travel time spent in this place.
 C = Inter-level travel time spent in this place.
 D = Time resting spent in this place.
 E = Time spent auto-exploring this place.
 F = Levels seen in this place.
 G = Mean time per level.
                   A        B        C        D        E       F      G
               +--------+--------+--------+--------+--------+-----+--------+
         Total |   3015 |   2881 |    134 |    372 |   1722 |   5 |  603.0 |
       Dungeon |   2534 |   2400 |    134 |    192 |   1566 |   4 |  633.5 |
         Sewer |    480 |    480 |      0 |    180 |    156 |   1 |  480.0 |
               +--------+--------+--------+--------+--------+-----+--------+

Top non-repeatable levels by time:
     D:2: 835 daAuts
     D:1: 825 daAuts
     D:3: 528 daAuts
   Sewer: 480 daAuts
     D:4: 344 daAuts
